 Dungeon Crawl Stone Soup version 0.28.0-45-g0d030f2227 (webtiles) character file.

Game seed: 1800973908073973097

31182 Fartwhistle the Severer (level 13, -7/127 HPs)
             Began as a Hill Orc Fighter on Apr 11, 2022.
             Was a High Priest of the Shining One.
             Mangled by a hog (11 damage)
             ... led by Kirke
             ... on level 4 of the Lair of Beasts.
             The game lasted 01:03:53 (23157 turns).

Fartwhistle the Severer (Hill Orc Fighter)         Turns: 23157, Time: 01:03:53

Health: -7/127     AC:  0    Str: 24    XL:     13   Next: 56%
Magic:  13/13      EV: 13    Int:  8    God:    the Shining One [*****.]
Gold:   907        SH:  0    Dex: 10    Spells: 12/12 levels left

rFire   . . .      SeeInvis .   (weapon currently unavailable)
rCold   . . .      Faith    .   (shield currently unavailable)
rNeg    + + .      Spirit   .   (armour currently unavailable)
rPois   .          Reflect  .   (helmet currently unavailable)
rElec   .          Harm     .   (cloak currently unavailable)
rCorr   .          Rampage  .   (gloves currently unavailable)
Will    .....                   (boots currently unavailable)
Stlth   +.........              (no amulet)
HPRegen 0.31/turn               (ring currently unavailable)
MPRegen 0.13/turn               (ring currently unavailable)

@: pig-form, slowed, glowing
A: fast, no casting, small
a: Renounce Religion, Divine Shield, Cleansing Flame, Summon Divine Warrior


You were on level 4 of the Lair of Beasts.
You worshipped the Shining One.
The Shining One was extremely pleased with you.
You were a filthy swine.
You visited 3 branches of the dungeon, and saw 15 of its levels.
You also visited: Ossuary and Bailey.

You collected 907 gold pieces.

Inventory:

Hand Weapons
 a - a +0 war axe
 D - a +0 spectral battleaxe
 E - a +0 morningstar (melded)
Missiles
 r - 3 javelins
 I - 3 throwing nets
Armour
 b - a scarf of repulsion (melded)
 c - a +0 buckler
 z - +1 steam dragon scales (melded)
 H - a +0 pair of boots (melded)
 N - the +2 helmet of Fortification (melded) {rN+}
   (You found it on level 10 of the Dungeon)

   rN:        It protects you from negative energy.
 R - a +0 pair of gloves (melded)
Magical Staves
 w - a staff of conjuration
Jewellery
 p - a ring of ice
 F - an amulet of faith
 J - a +4 ring of evasion (melded)
 L - a +6 ring of intelligence
 Q - an amulet of the acrobat
 S - a ring of poison resistance
Wands
 y - a wand of flame (34)
 B - a wand of acid (6)
Scrolls
 d - 2 scrolls of magic mapping {unknown}
 g - 4 scrolls of blinking
 h - a scroll of fog
 j - a scroll of immolation {unknown}
 l - 6 scrolls of fear
 q - 4 scrolls of enchant weapon {unknown}
 s - 2 scrolls of enchant armour
 x - 3 scrolls of amnesia {unknown}
 C - a scroll of identify
 G - 5 scrolls of teleportation
 O - a scroll of holy word {unknown}
Potions
 e - 5 potions of curing
 f - 3 potions of brilliance
 i - 4 potions of magic
 k - 2 potions of cancellation
 m - 2 potions of flight
 n - 4 potions of invisibility
 o - 2 potions of attraction {unknown}
 t - 3 potions of heal wounds
 u - 2 potions of resistance
 v - 2 potions of mutation {unknown}
 A - 2 potions of ambrosia {unknown}
 K - 3 potions of might
 M - a potion of haste {unknown}
 T - a potion of lignification {unknown}


   Skills:
 + Level 15.3 Fighting
 + Level 17.4 Axes
 + Level 14.9 Armour
 - Level 3.4 Shields


You had 12 spell levels left.
You didn't know any spells.
Your spell library contained the following spells:

 Spells                   Type           Power      Damage    Failure   Level
 Magic Dart               Conj           0%         1d3       41%         1
 Call Imp                 Summ           0%         N/A       54%         2
 Ensorcelled Hibernation  Hex/Ice        0%         N/A       54%         2
 Passwall                 Tmut/Erth      0%         N/A       54%         2
 Sublimation of Blood     Necr           0%         N/A       54%         2
 Mephitic Cloud           Conj/Pois/Air  0%         N/A       78%         3
 Ozocubu's Armour         Ice            0%         N/A       78%         3
 Swiftness                Air            0%         N/A       78%         3
 Animate Dead             Necr           0%         N/A       99%         4
 Petrify                  Tmut/Erth      0%         N/A       99%         4
 Summon Ice Beast         Ice/Summ       0%         N/A       99%         4
 Irradiate                Conj/Tmut      0%         3d14      100%        5
 Summon Mana Viper        Hex/Summ       0%         N/A       100%        5
 Haunt                    Necr/Summ      0%         N/A       100%        7
 Monstrous Menagerie      Summ           0%         N/A       100%        7
 Ozocubu's Refrigeration  Ice            0%         4d5       100%        7
 Infestation              Necr           0%         N/A       100%        8


Dungeon Overview and Level Annotations

Branches:
Dungeon (10/15)            Temple (1/1) D:5            Lair (4/6) D:9
  Swamp (0/4) Lair:2        Snake (0/4) Lair:2          Orc (0/2) D:10
Ossuary (visited)          Bailey (visited)

Altars:
Ashenzari
Cheibriados
Dithmenos
Elyvilon
Fedhas
Gozag
Hepliaklqana
Kikubaaqudgha
Makhleb
Nemelex Xobeh
Okawaru
Qazlal
Ru
Sif Muna
Trog
Uskayaw
Vehumet
Wu Jian
Xom
Yredelemnul
Zin
The Shining One
Beogh

Shops:
D:4 *

Annotations:
Lair:4 Kirke


Message History

The hog bites you but does no damage. The hog closely misses you.
The hog barely misses you. x2; The hog closely misses you.
You barely miss Kirke.
Kirke is lightly wounded.
The hog bites you but does no damage. x2; The hog bites you.
Kirke hits you but does no damage. The hog barely misses you.
The hog misses you. The hog bites you but does no damage. The hog bites you.
You impale Kirke!!
Kirke is moderately wounded.
The hog closely misses you. x2; The hog bites you.
The hog completely misses you. The hog bites you.
Kirke holds her sides and says, "You'll eat dirt beneath my feet."
Kirke gestures at you while chanting.
You feel yourself slow down. The hog barely misses you.
The hog bites you but does no damage. The hog closely misses you.
The hog bites you but does no damage.
You hit Kirke.
Kirke is moderately wounded.
The hog closely misses you. x2
Kirke gestures at you while chanting.
You turn into a filthy swine.
Your +0 morningstar melds into your body.
Your scarf of repulsion melds into your body.
The +2 helmet of Fortification {rN+} melds into your body.
Your +0 pair of gloves melds into your body.
Your +0 pair of boots melds into your body.
Your +1 steam dragon scales melds into your body.
Your +4 ring of evasion melds into your body.
The haze of the repulsion field disappears.
The hog bites you! x2
* * * LOW HITPOINT WARNING * * *
The hog misses you. The hog barely misses you. The hog closely misses you.
The hog bites you!
* * * LOW HITPOINT WARNING * * *
The hog misses you. Kirke hits you!
* * * LOW HITPOINT WARNING * * *
The hog bites you!
* * * LOW HITPOINT WARNING * * *
The hog bites you!
You die...

#........
#........
###........
#.#........
##..........
#...........
#.h@.......
#.hhh......
#..hhh......
##.......#..
#..........
........##.
##.......#
........#
##........


You could see Kirke and 6 hogs.

Vanquished Creatures
  Josephine (D:10)
  A hydra (Lair:1)
  5 death yaks
  A two-headed ogre (D:9)
  Nergalle (Lair:3)
  Pikel (D:5)
  A bog body (Lair:2)
  An orc knight (Bailey)
  9 elephants (Lair:3)
  Joseph (D:8)
  2 black mambas
  6 cane toads
  Maggie (D:7)
  6 komodo dragons
  2 rime drakes
  A troll (D:10)
  A hornet (D:8)
  Prince Ribbit (D:5)
  A polar bear (Lair:1)
  Grinder (D:5)
  2 dream sheep (D:9)
  3 blink frogs (Lair:2)
  Sigmund (D:4)
  23 yaks
  2 basilisks (Lair:3)
  5 wyverns
  5 wraiths (D:10)
  Eustachio (D:4)
  2 steam dragons
  Menkaure (D:6)
  Edmund (D:4)
  5 nagas (Lair:2)
  11 water moccasins
  14 orc warriors
  2 necrophages (D:4)
  A sky beast (D:7)
  A black bear (D:9)
  2 ogres
  2 centaurs
  3 lemures
  2 phantoms (D:4)
  2 kobold brigands (D:9)
  12 bullfrogs
  A wyvern zombie (D:7)
  14 scorpions
  4 howler monkeys
  5 centaur zombies
  4 human zombies (Ossuary)
  11 orc priests
  2 gnoll shamans
  5 hounds
  5 scorpion zombies (Ossuary)
  3 iguanas
  Terence (D:3)
  17 orc wizards
  2 killer bee zombies (D:6)
  A hound zombie (D:5)
  2 hound skeletons
  3 mummies (Ossuary)
  24 gnolls
  2 adders
  2 shadow imps
  A worm (D:2)
  3 dart slugs
  57 orcs
  12 endoplasms
  4 giant cockroaches
  2 gnoll zombies (Ossuary)
  14 goblins
  8 hobgoblins
  2 jackals (D:4)
  7 quokkas
  4 ball pythons
  A bat (D:1)
  A frilled lizard (D:1)
  2 goblin zombies
  2 hobgoblin zombies (Ossuary)
  15 kobolds
  2 orc zombies (Ossuary)
  4 rats
  A rat zombie (D:8)
  A plant (D:9)
398 creatures vanquished.

Vanquished Creatures (collateral kills)
  2 hydras
  A kobold brigand (D:9)
  A butterfly (Lair:3)
4 creatures vanquished.

Vanquished Creatures (others)
  42 fungi
  69 plants
111 creatures vanquished.

Grand Total: 513 creatures vanquished

Notes
Turn   | Place    | Note
-------+----------+-------------------------------------------
     0 | D:1      | Fartwhistle the Hill Orc Fighter began the quest for the
                  | Orb.
     0 | D:1      | Reached XP level 1. HP: 19/19 MP: 1/1
   269 | D:1      | Reached XP level 2. HP: 27/27 MP: 2/2
   280 | D:1      | Reached skill level 3 in Axes
   775 | D:2      | Reached XP level 3. HP: 24/33 MP: 3/3
   917 | D:2      | Reached skill level 4 in Axes
  1128 | D:2      | Reached XP level 4. HP: 39/40 MP: 4/4
  1927 | D:2      | Found a faded altar of an unknown god.
  2276 | D:3      | Noticed Terence
  2328 | D:3      | Killed Terence
  2329 | D:3      | Reached skill level 5 in Axes
  2329 | D:3      | Reached XP level 5. HP: 14/46 MP: 5/5
  2998 | D:3      | Reached skill level 5 in Armour
  3907 | D:4      | Found Cuecew's General Store.
  3910 | D:4      | Noticed a necrophage
  3937 | D:4      | Killed a necrophage
  3938 | D:4      | Reached skill level 6 in Axes
  3938 | D:4      | Reached XP level 6. HP: 20/51 MP: 6/6
  4496 | D:4      | Noticed a necrophage
  4809 | D:4      | Reached skill level 7 in Axes
  4809 | D:4      | Reached XP level 7. HP: 56/59 MP: 7/7
  4861 | D:4      | Noticed Sigmund
  5399 | D:4      | Killed Sigmund
  5400 | D:4      | Reached skill level 5 in Fighting
  5410 | D:4      | Noticed Eustachio
  5453 | D:4      | Killed Eustachio
  5454 | D:4      | Reached skill level 8 in Axes
  5454 | D:4      | Reached XP level 8. HP: 33/69 MP: 8/8
  5760 | D:5      | Entered Level 5 of the Dungeon
  5811 | D:5      | Found a staircase to the Ecumenical Temple.
  5842 | D:5      | Noticed Edmund
  5854 | D:4      | Killed Edmund
  6745 | D:5      | Noticed Prince Ribbit
  6773 | D:5      | Killed Prince Ribbit
  6774 | D:5      | Reached skill level 9 in Axes
  7251 | D:5      | Noticed Pikel
  7493 | D:5      | Noticed Grinder
  7504 | D:5      | Killed Grinder
  7505 | D:5      | Reached XP level 9. HP: 75/79 MP: 9/9
  7528 | D:5      | Noticed Menkaure
  7854 | D:5      | Killed Pikel
  7855 | D:5      | Reached skill level 10 in Axes
  7859 | Temple   | Entered the Ecumenical Temple
  7864 | Temple   | Became a worshipper of the Shining One
  8251 | D:5      | Noticed a two-headed ogre
  9316 | D:6      | Killed Menkaure
 10956 | D:7      | Reached skill level 11 in Axes
 11068 | D:7      | Noticed Maggie
 11086 | D:6      | Reached XP level 10. HP: 35/91 MP: 10/10
 11857 | D:7      | Killed Maggie
 11858 | D:7      | Reached skill level 10 in Armour
 12121 | D:8      | Noticed Joseph
 12136 | D:8      | Killed Joseph
 12175 | D:8      | Found a sand-covered staircase.
 12180 | D:8      | Reached * piety under the Shining One
 12182 | Ossuary  | Entered an ossuary
 12434 | Ossuary  | Reached ** piety under the Shining One
 12480 | Ossuary  | Reached skill level 12 in Axes
 12509 | Ossuary  | Reached skill level 10 in Fighting
 12742 | D:8      | Reached *** piety under the Shining One
 13565 | D:8      | Reached **** piety under the Shining One
 14295 | D:9      | Reached XP level 11. HP: 94/101 MP: 11/11
 14300 | D:9      | Reached skill level 13 in Axes
 14979 | D:9      | Noticed a two-headed ogre
 14988 | D:9      | Killed a two-headed ogre
 15180 | D:9      | Found a staircase to the Lair.
 15633 | D:9      | Noticed a two-headed hydra
 15651 | D:9      | Killed a four-headed hydra
 16026 | D:10     | Entered Level 10 of the Dungeon
 16032 | D:10     | Found a roughly hewn altar of Beogh.
 16032 | D:10     | Found a staircase to the Orcish Mines.
 16160 | D:10     | Found a flagged portal.
 16177 | Bailey   | Entered a bailey
 16193 | Bailey   | Reached skill level 14 in Axes
 16229 | Bailey   | Noticed an orc warlord
 16322 | Bailey   | Found a runed translucent gate.
 16322 | Bailey   | Found a runed translucent gate.
 16330 | Bailey   | Found a runed translucent gate.
 16331 | Bailey   | Noticed an orc knight
 16348 | Bailey   | Killed an orc knight
 16702 | D:10     | Found a broken altar of Ashenzari.
 16857 | D:10     | Noticed Josephine
 16865 | D:10     | Killed Josephine
 16871 | D:10     | Reached XP level 12. HP: 100/113 MP: 12/12
 17563 | D:10     | Identified the +2 helmet of Fortification {rN+}
 17623 | Lair:1   | Entered Level 1 of the Lair of Beasts
 17740 | Lair:1   | Reached skill level 15 in Axes
 18259 | Lair:1   | Noticed a six-headed hydra
 18274 | Lair:1   | Killed a six-headed hydra
 18952 | Lair:2   | Found a staircase to the Swamp.
 19785 | Lair:2   | Found a staircase to the Snake Pit.
 19891 | Lair:2   | Reached skill level 16 in Axes
 20482 | Lair:3   | Noticed a death yak
 20482 | Lair:3   | Noticed a death yak
 20482 | Lair:3   | Noticed a death yak
 20482 | Lair:3   | Noticed a death yak
 20482 | Lair:3   | Noticed a death yak
 20492 | Lair:2   | Killed a death yak
 20493 | Lair:2   | Killed a death yak
 20665 | Lair:3   | Killed a death yak
 20671 | Lair:3   | Killed a death yak
 20672 | Lair:3   | Reached XP level 13. HP: 102/125 MP: 13/13
 21625 | Lair:3   | Reached skill level 17 in Axes
 21772 | Lair:3   | Reached skill level 15 in Fighting
 22985 | Lair:4   | Noticed Kirke
 22985 | Lair:4   | Noticed Nergalle
 22985 | Lair:4   | Reached ***** piety under the Shining One
 23085 | Lair:3   | Killed Nergalle
 23157 | Lair:4   | HP: 4/127 [hog[Kirke] (13)]
 23157 | Lair:4   | Mangled by a hog

Illustrated notes

Levels and vault maps discovered:
D:1:      elethiomel_arrival_quiet, layout_rooms
D:2:      layout_basic, hellmonk_ecumenical_altar_heavens_door,
          item_on_display_a
D:3:      layout_basic, serial_bayou_ford_a, uniq_terence
D:4:      layout_gridville, serial_shops, shop_statue,
          kennysheep_generic_room_16, uniq_eustachio, uniq_sigmund
D:5:      layout_loops_ring, minmay_temple_entry_slanted, st_stairs_3,
          grunt_ministairs_12, uniq_pikel, uniq_grinder, uniq_edmund,
          uniq_menkaure, uniq_prince_ribbit1
D:6:      layout_gridville
D:7:      layout_basic, uniq_maggie
D:8:      layout_cave_pods, enter_ossuary_4, uniq_joseph
D:9:      layout_stronghold, due_lair_maze_entry_diamond, hangedman_ranch
D:10:     layout_loops_ring, ashenzari_altar_1, david_orc_5, enter_bailey_5,
          hangedman_decor_peaks_small, minivault_4, uniq_josephine
Temple:   regret_index_temple_sigil_plot
Lair:1:   layout_loops_ring, chequers_serial_rivers_micro_d
Lair:2:   layout_misc_corridors, skrybe_swamp_entry_bodies,
          minmay_snake_entry_guardpost_large, hibernation_bobbens
Lair:3:   layout_cave_pods, lemuel_fruit_fields
Lair:4:   layout_cave_pods, minmay_shattered_shrine, uniq_kirke, uniq_snorg,
          uniq_urug, uniq_nergalle

Skill      XL: |  1  2  3  4  5  6  7  8  9 10 11 12 13 |
---------------+----------------------------------------+-----
Axes           | 3 4 5 6 7 8 9 11 12 14 16 17 | 17.4
Armour         | 4 5 6 7 8 9 11 12 14 | 14.9
Fighting       | 4 5 7 9 10 12 14 15 | 15.3
Shields        | |  3.4

Action                   |  1- 3 |  4- 6 |  7- 9 | 10-12 | 13-15 || total
-------------------------+-------+-------+-------+-------+-------++-------
Melee: War axe           |    73 |   179 |   353 |    16 |       ||   621
       Battleaxe         |       |       |       |   498 |   102 ||   600
       Morningstar       |       |       |       |     7 |    42 ||    49
       Punch             |       |       |       |     1 |       ||     1
Throw: Javelin           |       |     5 |     3 |     1 |     1 ||    10
Invok: Divine Shield     |       |       |       |     2 |       ||     2
  Use: Potion            |       |     1 |     3 |     1 |       ||     5
       Scroll            |       |     1 |     4 |    15 |     4 ||    24
Armor: Scale mail        |    32 |    59 |   145 |     8 |       ||   244
       Steam dragon scal |       |       |       |   144 |    92 ||   236
Dodge: Dodged            |    32 |    70 |   149 |   270 |   144 ||   665
       Repelled          |       |       |       |     3 |     1 ||     4
Block: Buckler           |    13 |    19 |    69 |       |       ||   101
